 Dungeon Crawl Stone Soup version 0.25-a0-24-g72dcfe0359 (webtiles) character file.

Game seed: 17303602624092357269, levelgen mode: deterministic

46 Dycilia the Firebug (level 3, 0/26 HPs)
             Began as a Draconian Fire Elementalist on Oct 17, 2019.
             Slain by an orc wizard
             ... wielding a +0 dagger
              (2 damage)
             ... on level 2 of the Dungeon.
             The game lasted 00:07:28 (1619 turns).

Dycilia the Firebug (Draconian Fire Elementalist)   Turns: 1619, Time: 00:07:29

Health: 0/26       AC:  5    Str: 10    XL:     3   Next: 46%
Magic:  4/6        EV: 12    Int: 16    God:
Gold:   65         SH:  0    Dex: 11    Spells: 2/6 levels left

rFire    . . .     SeeInvis .   (no weapon)
rCold    . . .     Gourm    .   (no shield)
rNeg     . . .     Faith    .   (armour unavailable)
rPois    .         Spirit   .   (helmet restricted)
rElec    .         Reflect  .   (no cloak)
rCorr    .         Harm     .   (no gloves)
MR       .....                  (no boots)
Stlth    +.........             (no amulet)
HPRegen  0.08/turn              (no ring)
MPRegen  0.10/turn              (no ring)

@: confused
A: unfitting armour, cold-blooded, AC +5
a: no special abilities


You were on level 2 of the Dungeon.
You were not hungry.

You visited 1 branch of the dungeon, and saw 3 of its levels.

You collected 65 gold pieces.

Inventory:

Jewellery
 l - an uncursed ring of fire {unknown}
Scrolls
 g - a scroll of teleportation {unknown}
 h - 2 scrolls of remove curse
 i - a scroll of blinking {unknown}
 j - a scroll of identify {unknown}
 m - a scroll of immolation {unknown}
Potions
 c - 2 potions of curing {unknown}
 d - 3 potions of might {unknown}
 e - a potion of invisibility {unknown}
 f - 2 potions of degeneration {unknown}
 k - a potion of cancellation {unknown}
 n - 2 potions of mutation {unknown}
Comestibles
 a - 3 chunks of flesh
 b - 2 rations


   Skills:
 + Level 2.2 Dodging
 - Level 1.7 Stealth
 + Level 2.3 Spellcasting
 + Level 1.6 Conjurations
 * Level 3.7 Fire Magic


You had 2 spell levels left.
You knew the following spells:

 Your Spells              Type           Power        Failure   Level  Hunger
a - Flame Tongue          Conj/Fire      ##...        7%          1    #......
b - Conjure Flame         Conj/Fire      ##......     21%         3    ###....

Your spell library contained the following spells:

 Spells                   Type           Power        Failure   Level  Hunger
 Throw Flame              Conj/Fire      ##....       10%         2    ###....
 Inner Flame              Hex/Fire       #.......     28%         3    ###....
 Sticky Flame             Conj/Fire      ##......     54%         4    #####..
 Fireball                 Conj/Fire      ##........   88%         5    ######.


Dungeon Overview and Level Annotations

Branches:
Dungeon (3/15)

Altars:
Uskayaw


Innate Abilities, Weirdness & Mutations

Your plain brown scales are hard. (AC +5)
You cannot fit into any form of body armour.
You are cold-blooded and may be slowed by cold attacks.


Message History

You completely miss something. Something hits you.
* * * LOW HITPOINT WARNING * * *
You bump into the rock wall.
Something hits you.
* * * LOW HITPOINT WARNING * * *
You bump into the rock wall.
Something hits you but does no damage.
You completely miss something.
You feel less confused. Something hits you but does no damage.
You closely miss something.
You hear some strange, mumbled words.
A puff of flame appears from out of thin air!
The puff of flame misses you.
You closely miss something.
You hear some strange, mumbled words.
You are confused.
You're too confused to move!
Something completely misses you.
You completely miss something. Something hits you but does no damage.
You barely miss something. Something hits you but does no damage.
You're too confused to move!
Something hits you.
You die...

#...(...# # #.......# ###
####..)....####)รท
####...............#
###....##.........####
#>..#####........## #
###########.###.....######.#
# #...(.......###.##### #.##
# #.............{@# #(.#
#............#### ##.#
#............# #.#
#...........## #####.##
#...........# ###......##
#...........# #...###...##
#######..##.# #.### #.....
##.##.# ####.# ###.###
#.##.# #....####...[..


There were no monsters in sight!

Vanquished Creatures
  An adder (D:2)
  A worm (D:2)
  3 dart slugs
  An orc (D:3)
  2 giant cockroaches
  2 goblins
  4 hobgoblins
  5 bats
  5 frilled lizards
  4 kobolds
  3 rats
31 creatures vanquished.

Notes
Turn   | Place    | Note
-------+----------+-------------------------------------------
     0 | D:1      | Dycilia the Draconian Fire Elementalist began the quest for
                  | the Orb.
     0 | D:1      | Reached XP level 1. HP: 14/14 MP: 3/3
   368 | D:1      | Reached XP level 2. HP: 20/20 MP: 1/5
  1208 | D:2      | Reached XP level 3. HP: 26/26 MP: 0/6
  1265 | D:2      | Learned a level 3 spell: Conjure Flame
  1368 | D:2      | Noticed a +0 hand axe
  1369 | D:2      | Found a hide-covered altar of Uskayaw.
  1369 | D:2      | Noticed a +0 dagger
  1574 | D:3      | Found a faded altar of an unknown god.
  1611 | D:2      | HP: 1/26 [something (3)]
  1619 | D:2      | Slain by an orc wizard

Levels and vault maps discovered:
D:1:      dpeg_arrival_tiny_c, layout_loops_ring, st_stairs_14
D:2:      layout_rooms, dancing_weapons_uskayaw, minmay_heptomino_d4
D:3:      layout_basic, chequers_ecumenical_altar_simple_redux

Skill      XL: |  1  2 |
---------------+-------+-----
Dodging        | 2 |  2.2
Stealth        | |  1.7
Spellcasting   | |  2.3
Conjurations   | |  1.6
Fire Magic     | |  3.7

Action                   || total
-------------------------++-------
Melee: Unarmed           ||    18
       Tailslap          ||     1
 Cast: Flame Tongue      ||    55
       Conjure Flame     ||     2
  Use: Scroll            ||     1
  Eat: Chunk             ||     3
Armor: Skin              ||    22
Dodge: Dodged            ||    31

Table legend:
 A = Non-vault XP
 B = Vault XP
 C = Vault XP percentage of total XP
 D = Non-vault monster count
 E = Vault monster count
 F = Vault count percentage of total count
                 A         B        C        D         E       F
            +---------+---------+-------+---------+---------+-------
      Total |      64 |       3 |   4.5 |      28 |       3 |   9.7
            +---------+---------+-------+---------+---------+-------
        D:1 |      24 |       1 |   4.0 |      13 |       1 |   7.1
        D:2 |      37 |       2 |   5.1 |      14 |       2 |  12.5
        D:3 |       3 |       0 |   0.0 |       1 |       0 |   0.0
            +---------+---------+-------+---------+---------+-------
